 Dungeon Crawl Stone Soup version 0.22.0-40-g68aacdc (webtiles) character file.

277028 Slumpfather the Fencer (level 19, -1/161 HPs)
             Began as a Demonspawn Gladiator on Sept 1, 2018.
             Was the Champion of Okawaru.
             Succumbed to a reaper's poison
             ... on level 4 of the Vaults on Sept 2, 2018.
             The game lasted 02:23:02 (42313 turns).

Slumpfather the Fencer (Demonspawn Gladiator)      Turns: 42313, Time: 02:23:03

Health: -1/161     AC: 27    Str: 22    XL:     19   Next: 59%
Magic:  1/24       EV: 17    Int:  9    God:    Okawaru [******]
Gold:   2031       SH:  0    Dex: 23    Spells: 8/18 levels left

rFire    + + .     SeeInvis .   A - +6 great sword (freeze)
rCold    . . .     Gourm    .   (shield currently unavailable)
rNeg     + + .     Faith    .   s - +1 chain mail of an ice cave {rF+ rN+ MR+ rCorr}
rPois    .         Spirit   +   g - +2 hat
rElec    +         Reflect  .   y - +2 cloak {MR+}
rCorr    +         Harm     .   D - +2 pair of gloves {archery}
MR       +++..                  (boots unavailable)
Stlth    ..........             E - amulet of rage
HPRegen  0.36/turn              M - ring "Xais" {rElec rF+ rN+ Dex+4}
MPRegen  0.38/turn              Q - +3 ring of strength

@: lethally poisoned (-1 -> -35), silence, very slightly contaminated, invisible
A: hooves 3, iridescent scales 2, powered by death 3, magic shield, magic
regeneration
}: 2/15 runes: decaying, gossamer
a: Renounce Religion, Evoke Berserk Rage


You were on level 4 of the Vaults.
You worshipped Okawaru.
Okawaru was exalted by your worship.
You were not hungry.

You visited 7 branches of the dungeon, and saw 36 of its levels.

You collected 3870 gold pieces.
You spent 1839 gold pieces at shops.

Inventory:

Hand Weapons
 i - a +0 whip of electrocution
 x - the +3 longbow of Okawaru's Esteem {velocity, rPois Int+2}
   (Okawaru gifted it to you on level 3 of the Vaults)

   Any arrow fired from it inflicts extra damage.
   It affects your intelligence (+2).
   It protects you from poison.
 A - a +6 great sword of freezing (weapon)
 O - the +1 scimitar of Poozups {antimagic, rElec rF++ Dex-2 Stlth+}
   (You found it on level 2 of the Spider Nest)

   It reduces the magical energy of the wielder, and disrupts the spells and
   magical abilities of those hit.
   Natural abilities and divine invocations are not affected.
   It affects your dexterity (-2).
   It greatly protects you from fire.
   It insulates you from electricity.
   It makes you more stealthy.
 W - a +5 demon blade of draining
Missiles
 t - 879 arrows
Armour
 g - a +2 hat (worn)
 n - +0 ice dragon scales
 s - the +1 chain mail of an ice cave (worn) {rF+ rN+ MR+ rCorr}
   (You found it on level 5 of the Dungeon)

   It protects you from fire.
   It protects you from negative energy.
   It affects your resistance to hostile enchantments.
   It provides partial protection from all sources of acid and corrosion.
 y - a +2 cloak of magic resistance (worn)
 D - a +2 pair of gloves of archery (worn)
 H - the +5 plate armour "Ohed" {rPois Str+3 Slay+5}
   (Okawaru gifted it to you on level 1 of the Spider Nest)

   It affects your strength (+3).
   It affects your accuracy and damage with ranged weapons and melee attacks
   (+5).
   It protects you from poison.
 N - a +2 cloak of poison resistance
 P - the +3 warlock's mirror {reflect}
   (You found it on level 11 of the Dungeon)
Jewellery
 o - an uncursed ring of protection from magic
 r - an uncursed ring of protection from cold
 u - a +4 amulet of reflection
 E - an amulet of rage (around neck)
 G - a +4 ring of evasion
 M - the ring "Xais" (left hand) {rElec rF+ rN+ Dex+4}
   (You found it on level 11 of the Dungeon)

   [ring of protection from fire]

   It affects your dexterity (+4).
   It protects you from fire.
   It insulates you from electricity.
   It protects you from negative energy.
 Q - a +3 ring of strength (right hand)
 R - an uncursed ring of resist corrosion
 S - an uncursed ring of positive energy
Wands
 c - a wand of iceblast (18)
 h - a wand of flame (38)
 B - a wand of digging (30)
 C - a wand of paralysis (23)
Scrolls
 d - a scroll of brand weapon
 e - 19 scrolls of remove curse
 j - 5 scrolls of enchant armour
 k - 8 scrolls of magic mapping
 w - 5 scrolls of teleportation
 z - a scroll of amnesia
 K - 4 scrolls of identify
 T - 3 scrolls of fog
 U - 2 scrolls of fear
Potions
 p - a potion of agility
 q - 6 potions of flight
 v - 6 potions of brilliance
 Z - 3 potions of ambrosia
Miscellaneous
 a - a phial of floods
 b - a phantom mirror
 l - a box of beasts
 m - a phial of floods
Comestibles
 f - 22 rations


   Skills:
 - Level 17.6 Fighting
 - Level 18.2 Long Blades
 - Level 10.1 Bows
 - Level 1.7 Throwing
 - Level 14.9 Armour
 - Level 11.2 Dodging
 - Level 4.4 Shields
 - Level 7.0 Invocations
 + Level 1.4 Evocations


You had 8 spell levels left.
You knew the following spells:

 Your Spells              Type           Power        Failure   Level  Hunger
a - Cause Fear            Hex            #.........   100%        4    #####..
b - Bolt of Cold          Conj/Ice       #.........   100%        6    #######

Your spell library contained the following spells:

 Spells                   Type           Power        Failure   Level  Hunger
 Beastly Appendage        Tmut           #.....       88%         1    ##.....
 Corona                   Hex            #......      88%         1    ##.....
 Flame Tongue             Conj/Fire      #....        88%         1    ##.....
 Freeze                   Ice            #...         88%         1    ##.....
 Shock                    Conj/Air       #...         88%         1    ##.....
 Sting                    Conj/Pois      #...         88%         1    ##.....
 Summon Butterflies       Summ           #.......     88%         1    ##.....
 Poisonous Vapours        Pois/Air       #.....       96%         2    ###....
 Slow                     Hex            #.......     96%         2    ###....
 Sticks to Snakes         Tmut           #.......     96%         2    ###....
 Swiftness                Chrm/Air       #.......     96%         2    ###....
 Throw Flame              Conj/Fire      #.....       96%         2    ###....
 Throw Frost              Conj/Ice       #.....       96%         2    ###....
 Call Canine Familiar     Summ           #.......     99%         3    ####...
 Conjure Flame            Conj/Fire      #.......     99%         3    ####...
 Inner Flame              Hex/Fire       #.......     99%         3    ####...
 Mephitic Cloud           Conj/Pois/Air  #.......     99%         3    ####...
 Portal Projectile        Hex/Tloc       #.....       99%         3    ####...
 Spider Form              Tmut/Pois      #.........   99%         3    ####...
 Static Discharge         Conj/Air       #.......     99%         3    ####...
 Airstrike                Air            #.........   100%        4    #####..
 Ice Form                 Ice/Tmut       #.......     100%        4    #####..
 Leda's Liquefaction      Hex/Erth       #.........   100%        4    #####..
 Olgreb's Toxic Radiance  Pois           #.......     100%        4    #####..
 Sticky Flame             Conj/Fire      #.......     100%        4    #####..
 Summon Ice Beast         Ice/Summ       #.......     100%        4    #####..
 Blade Hands              Tmut           #.........   100%        5    ######.
 Fireball                 Conj/Fire      #.........   100%        5    ######.
 Irradiate                Conj/Tmut      #.........   100%        5    ######.
 Lightning Bolt           Conj/Air       #.........   100%        5    ######.
 Summon Mana Viper        Hex/Summ       #.......     100%        5    ######.
 Venom Bolt               Conj/Pois      #.........   100%        5    ######.
 Hydra Form               Tmut           #.........   100%        6    #######
 Simulacrum               Ice/Necr       #.........   100%        6    #######
 Statue Form              Tmut/Erth      #........    100%        6    #######
 Dragon Form              Tmut           #.........   100%        7    #######
 Summon Hydra             Summ           #.........   100%        7    #######


Dungeon Overview and Level Annotations

Branches:
Dungeon (15/15)            Temple (1/1) D:6            Lair (6/6) D:8
  Swamp (4/4) Lair:3       Spider (4/4) Lair:2        Slime (0/5) Lair:6
    Orc (2/2) D:11            Elf (0/3) Orc:2        Vaults (4/5) D:13
  Crypt (0/3) Vaults:2     Depths (0/5) D:15

Altars:
Ashenzari
Cheibriados
Dithmenos
Elyvilon
Fedhas
Gozag
Hepliaklqana
Kikubaaqudgha
Makhleb
Nemelex Xobeh
Okawaru
Qazlal
Ru
Sif Muna
Trog
Uskayaw
Wu Jian
Yredelemnul
Zin
The Shining One

Shops:
D:8 ?   D:14 (   Orc:2 ?(!((   Vaults:2 (   Vaults:3 =   Vaults:4 [

Annotations:
D:2 Sigmund
D:8 Stash in pyramid, right.
Vaults:3 1 runed door, Aptytisy's ghost, veteran GrWz
Abyss:1 Rupert


Innate Abilities, Weirdness & Mutations

You have hooves in place of feet.
You are mostly covered in iridescent scales. (AC +4)
You regenerate a lot of health from kills.
When hurt, damage is shared between your health and your magic reserves.
You regenerate magic rapidly.


Message History

The ironheart preserver is healed somewhat.
The guardian serpent hits you.
* * * LOW HITPOINT WARNING * * *
* * * LOW HITPOINT WARNING * * *
You feel very sick. The Executioner hits you!
* * * LOW HITPOINT WARNING * * *
The Executioner hits you.
* * * LOW HITPOINT WARNING * * *
The Executioner hits you but does no damage.
The deep elf annihilator casts a spell.
The deep elf annihilator blinks!
* * * LOW HITPOINT WARNING * * *
You feel very sick. The Executioner hits you.
* * * LOW HITPOINT WARNING * * *
The Executioner hits you but does no damage.
The Executioner hits you!
* * * LOW HITPOINT WARNING * * *
You die...

#...................+
#...................#
#.....########......#
#.....#......#......#
#.....#......#......#
#.....#......#......#
#.....#......#......#
+.....'......#......#
#.....#......#..@...#
#.....########......#
#..............31S..#
#...................#
#..########....eCpT2#
#..# #.....T...# '..#
#.....eeT.# #..#
#.....ep..# +..#
#.....(...#


You could see 2 ironheart preservers, a fire giant, a reaper, a deep elf
annihilator, an Executioner, a soul eater, 2 deep trolls, a deep elf
demonologist, a deep elf archer, a deep troll shaman, a guardian serpent and a
deep elf mage.

Vanquished Creatures
  Jorgrun (Spider:2)
  Agnes (Spider:4)
  Gastronok (Lair:1)
  2 thorn hunters (Swamp:4)
  A fire giant (Vaults:3)
  6 vault wardens
  Louise (Swamp:1)
  4 emperor scorpions
  3 ghost moths (Spider:4)
  2 frost giants
  An emperor scorpion (shapeshifter) (D:15)
  The ghost of Verendum the Slinger, a journeyman HaHu of Okawaru (Lair:6)
  3 ironheart preservers
  A very ugly thing (Vaults:2)
  A stone giant (Vaults:3)
  Nessos (D:14)
  3 entropy weavers
  Azrael (D:15)
  2 spark wasps
  A crystal guardian (Vaults:3)
  Josephine (Orc:2)
  An ice dragon (Vaults:3)
  Harold (D:10)
  A great orb of eyes (Vaults:4)
  9 ogre magi
  23 hydras
  A rakshasa (Vaults:2)
  The ghost of flestrin the Basher, a journeyman GrFi of Okawaru (D:11)
  10 vault guards
  A catoblepas (Lair:6)
  2 ghost crabs
  Erica (D:10)
  8 centaur warriors
  30 two-headed ogres
  3 death yaks (Lair:6)
  2 deep troll shamans
  11 alligators
  2 deep troll earth magi (Vaults:3)
  Urug (Lair:1)
  Sonja (D:14)
  A shadow wraith (Vaults:1)
  12 wizards
  11 swamp dragons
  5 skeletal warriors (D:15)
  3 deep elf archers (Vaults:3)
  3 deep trolls
  2 shambling mangroves
  A glowing orange brain (Vaults:3)
  7 ironbrand convokers
  4 necromancers
  3 lindwurms (Swamp:4)
  Pikel (D:5)
  A harpy (Vaults:3)
  35 wolf spiders
  2 stone giant zombies
  7 orc knights
  18 orb spiders
  16 ugly things
  A shining eye (shapeshifter) (Vaults:3)
  5 deep elf magi
  4 orc sorcerers
  A moth of wrath (Spider:3)
  4 manticores
  A shadow dragon skeleton (Vaults:1)
  Maurice (D:10)
  10 vault sentinels
  3 cyclopes
  2 centaur zombies
  2 black mambas
  2 gargoyles
  10 elephants
  A frost giant skeleton (Vaults:1)
  A guardian serpent (shapeshifter) (Vaults:2)
  3 torpor snails
  18 spiny frogs
  A kobold demonologist (D:13)
  16 yaktaurs
  20 demonic crawlers
  5 komodo dragons
  6 rime drakes
  4 freezing wraiths
  2 human skeletons (Vaults:3)
  40 jumping spiders
  A queen bee (Lair:3)
  6 meliai
  3 polar bears
  12 trolls
  9 tyrant leeches
  19 slime creatures
  22 hornets
  17 blink frogs
  6 bog bodies
  5 dream sheep
  11 hippogriffs
  A meliai zombie (D:11)
  15 spriggans
  A shadow (D:13)
  5 wraiths
  90 redbacks
  41 tarantellas
  75 yaks
  2 basilisks (Lair:3)
  A vampire (D:12)
  7 wyverns
  Eustachio (D:6)
  A human (D:13)
  2 steam dragons (Lair:3)
  16 swamp worms
  2 hungry ghosts
  25 vampire mosquitoes
  3 wargs
  2 soldier ants
  4 hell hounds (D:15)
  12 insubstantial wisps (Swamp:1)
  Duvessa (D:6)
  16 water moccasins
  An acid dragon (D:12)
  2 porcupines
  8 ice beasts
  15 swamp drakes
  3 sky beasts
  An eye of draining (D:15)
  19 orc warriors
  A slave (D:5)
  An elf zombie (Vaults:2)
  6 black bears
  An eye of draining (shapeshifter) (Vaults:1)
  A necrophage (D:8)
  3 phantoms
  7 boggarts
  11 wolves
  36 ogres
  23 centaurs
  12 crocodiles
  3 big kobolds
  3 human zombies
  Blork the orc (D:4)
  15 bullfrogs
  3 scorpions
  Dowan (D:6)
  4 human simulacra
  35 killer bees
  7 wights
  5 electric eels
  18 howler monkeys
  3 bullfrog zombies
  10 crimson imps
  2 hounds
  2 quasits
  A wyvern simulacrum (D:11)
  3 centaur skeletons
  5 jellies
  6 bullfrog skeletons
  17 orc priests
  16 orc wizards
  Jessica (D:3)
  2 iguanas
  A hell rat (Lair:3)
  8 worker ants
  A bullfrog simulacrum (D:11)
  A mummy (D:8)
  11 adders
  3 gnolls (D:5)
  A shadow imp (D:7)
  2 white imps (D:11)
  2 oozes
  An adder skeleton (D:6)
  3 adder zombies
  3 worms
  A dart slug (D:3)
  2 leopard geckos
  72 orcs
  2 ball pythons (D:1)
  5 giant cockroaches
  6 goblins
  12 hobgoblins
  2 jackals (D:3)
  3 quokkas
  34 bats
  2 frilled lizards
  18 kobolds
  A quokka skeleton (D:9)
  9 rats
1396 creatures vanquished.

Vanquished Creatures (collateral kills)
  A basilisk (Lair:6)
  A water moccasin (Lair:6)
  2 killer bees (D:7)
4 creatures vanquished.

Vanquished Creatures (others)
  A hydra (Lair:3)
  An alligator (Swamp:1)
  A deep elf knight (Vaults:3)
  A shadow wraith (Vaults:3)
  A boggart (Vaults:2)
  A crocodile (Lair:6)
  5 fungi
  3 plants
14 creatures vanquished.

Grand Total: 1414 creatures vanquished

Notes
Turn   | Place    | Note
-------+----------+-------------------------------------------
     0 | D:1      | Slumpfather the Demonspawn Gladiator began the quest for the Orb.
     0 | D:1      | Reached XP level 1. HP: 16/16 MP: 1/1
   245 | D:1      | Gained mutation: You have large cloven feet. [demonic ancestry]
   245 | D:1      | Reached XP level 2. HP: 23/23 MP: 2/2
   759 | D:2      | Reached XP level 3. HP: 21/29 MP: 3/3
   999 | D:2      | Found a sacrificial altar of Ru.
  1145 | D:2      | Noticed Sigmund
  1210 | D:3      | Found a faded altar of an unknown god.
  1246 | D:3      | Reached skill level 3 in Long Blades
  1281 | D:3      | Noticed a centaur
  1290 | D:3      | Killed a centaur
  1290 | D:3      | Gained mutation: When hurt, damage is shared between your health and your magic reserves. [demonic ancestry]
  1290 | D:3      | Reached XP level 4. HP: 5/38 MP: 4/4
  1769 | D:3      | Reached XP level 5. HP: 33/43 MP: 2/5
  1870 | D:3      | Noticed Jessica
  1882 | D:3      | Reached skill level 4 in Long Blades
  1961 | D:3      | Killed Jessica
  1980 | D:3      | HP: 2/43 [poisoned by Jessica]
  1988 | D:3      | HP: 2/43 [poisoned by Jessica]
  2329 | D:3      | Reached skill level 5 in Fighting
  2705 | D:4      | Noticed a slave
  2707 | D:4      | Gained mutation: You are partially covered in iridescent scales. (AC +2) [demonic ancestry]
  2707 | D:4      | Reached XP level 6. HP: 46/51 MP: 6/6
  3023 | D:5      | Entered Level 5 of the Dungeon
  3414 | D:5      | Got a spiked chain mail
  3417 | D:5      | Identified the cursed +1 chain mail of an ice cave {rF+ rN+ MR+ rCorr} (You found it on level 5 of the Dungeon)
  3760 | D:4      | Reached skill level 5 in Long Blades
  3782 | D:4      | Gained mutation: You have hoof-like feet. [demonic ancestry]
  3782 | D:4      | Reached XP level 7. HP: 34/57 MP: 3/7
  3799 | D:4      | Noticed Pikel
  3921 | D:4      | Noticed Blork the orc
  3937 | D:5      | Killed Pikel
  3937 | D:5      | Reached skill level 6 in Long Blades
  3937 | D:5      | Gained mutation: You have hooves in place of feet. [demonic ancestry]
  3937 | D:5      | Reached XP level 8. HP: 24/67 MP: 1/8
  4201 | D:4      | Killed Blork the orc
  4748 | D:6      | Reached skill level 7 in Long Blades
  4765 | D:6      | Noticed Dowan
  4968 | D:6      | Noticed Eustachio
  4996 | D:6      | Killed Eustachio
  4996 | D:6      | Reached skill level 8 in Long Blades
  5584 | D:6      | Found a staircase to the Ecumenical Temple.
  5611 | Temple   | Entered the Ecumenical Temple
  5825 | Temple   | Became a worshipper of Warmaster Okawaru
  5948 | D:6      | Noticed Duvessa
  5956 | D:6      | Killed Dowan
  5973 | D:6      | Killed Duvessa
  6167 | D:6      | Reached skill level 9 in Long Blades
  6167 | D:6      | Reached XP level 9. HP: 58/72 MP: 9/9
  6310 | D:7      | Found a shadowy altar of Dithmenos.
  6316 | D:7      | Reached skill level 1 in Armour
  6462 | D:7      | Reached * piety under Okawaru
  6949 | D:7      | Reached skill level 5 in Armour
  7303 | D:7      | Found a sacrificial altar of Ru.
  7583 | D:8      | Reached ** piety under Okawaru
  7855 | D:8      | Got a slimy ring mail
  7925 | D:8      | Paralysed by a hornet for 3 turns
  7932 | D:8      | Gained mutation: You are mostly covered in iridescent scales. (AC +4) [demonic ancestry]
  7932 | D:8      | Reached XP level 10. HP: 22/82 MP: 2/10
  8130 | D:8      | Found Dische Refao's Magic Scroll Emporium.
  8326 | D:8      | Found a staircase to the Lair.
  8492 | D:8      | Found a white marble altar of Elyvilon.
  8492 | D:8      | Found a runed door.
  8492 | D:8      | Noticed an angel
  8607 | D:8      | Bought a scroll of identify for 26 gold pieces
  8608 | D:8      | Identified the +8 ring mail of Rotation {rN+ Str-4 Int+2} (You found it on level 8 of the Dungeon)
  8636 | D:8      | Bought a scroll of identify for 26 gold pieces
  8636 | D:8      | Bought a scroll of teleportation for 39 gold pieces
  8636 | D:8      | Bought a scroll of identify for 26 gold pieces
  8783 | D:8      | Reached *** piety under Okawaru
  8839 | D:9      | Noticed a two-headed ogre
  8891 | D:8      | Killed a two-headed ogre
  8894 | D:8      | Reached skill level 10 in Fighting
  9199 | D:9      | Learned a level 4 spell: Cause Fear
  9237 | D:9      | Reached skill level 10 in Long Blades
  9570 | D:9      | Reached **** piety under Okawaru
  9585 | D:9      | Reached skill level 5 in Invocations
 10837 | D:10     | Entered Level 10 of the Dungeon
 10849 | D:10     | Noticed a deep elf mage
 10849 | D:10     | Noticed Maurice
 10902 | Lair:1   | Entered Level 1 of the Lair of Beasts
 10926 | Lair:1   | Gained mutation: You regenerate a little health from kills. [demonic ancestry]
 10926 | Lair:1   | Reached XP level 11. HP: 81/90 MP: 16/16
 10963 | Lair:1   | Noticed Urug
 11029 | Lair:1   | Killed Urug
 11050 | Lair:1   | Noticed an eight-headed hydra
 12131 | D:10     | Identified the Almanac of the Glacier
 12140 | D:10     | Learned a level 6 spell: Bolt of Cold
 12153 | D:10     | Reached ***** piety under Okawaru
 12177 | D:10     | Killed a deep elf mage
 12214 | D:10     | Noticed an eight-headed hydra
 12214 | D:10     | Noticed a two-headed ogre
 12238 | D:10     | Killed an eight-headed hydra
 12524 | D:10     | Noticed Erica
 12592 | Lair:1   | Killed an eight-headed hydra
 12592 | Lair:1   | Received a gift from Okawaru
 12592 | Lair:1   | Reached skill level 5 in Dodging
 12913 | Lair:1   | Noticed Gastronok
 13140 | Lair:1   | Killed Gastronok
 14108 | Lair:1   | Reached skill level 11 in Long Blades
 14260 | Lair:2   | Received a gift from Okawaru
 14426 | Lair:2   | Got a twisted chain mail
 14437 | Lair:2   | Identified the cursed +0 chain mail of Patience {rElec rF+ Int+4} (You found it on level 2 of the Lair of Beasts)
 14470 | Lair:2   | Gained mutation: You regenerate magic rapidly. [demonic ancestry]
 14470 | Lair:2   | Reached XP level 12. HP: 97/97 MP: 17/17
 15073 | Lair:2   | Found a hole to the Spider Nest.
 15402 | D:10     | Killed Maurice
 15459 | D:10     | Noticed Harold
 15482 | D:10     | Killed Harold
 15874 | D:10     | Killed Erica
 15938 | D:10     | Killed a two-headed ogre
 16165 | D:11     | Noticed a two-headed ogre
 16175 | D:11     | Killed a two-headed ogre
 16234 | D:11     | Found a staircase to the Orcish Mines.
 16286 | D:11     | Reached skill level 12 in Long Blades
 16295 | D:11     | Found a runed gate.
 16296 | D:11     | Found a runed gate.
 16297 | D:11     | Found a runed gate.
 16354 | D:11     | Noticed flestrin's ghost (journeyman GrFi)
 16371 | D:11     | Killed flestrin's ghost
 16371 | D:11     | Received a gift from Okawaru
 16388 | D:11     | Got a translucent bronze ring
 16590 | D:11     | Identified the ring "Xais" {rElec rF+ rN+ Dex+4} (You found it on level 11 of the Dungeon)
 16632 | D:11     | Found the cursed +13 scythe of Curses {drain, *Curse}
 16888 | D:11     | Reached skill level 13 in Long Blades
 16896 | D:11     | Reached XP level 13. HP: 99/103 MP: 18/18
 16909 | D:11     | Found the +3 warlock's mirror {reflect}
 17017 | D:11     | Paralysed by a wizard for 3 turns
 17037 | D:11     | Paralysed by a wizard for 2 turns
 17730 | Lair:3   | Received a gift from Okawaru
 17730 | Lair:3   | Reached skill level 10 in Armour
 17791 | Lair:3   | Found a staircase to the Swamp.
 18112 | Lair:3   | Noticed Rupert
 18119 | Lair:3   | Banished Rupert
 18468 | Lair:3   | Reached skill level 1 in Bows
 18520 | Lair:3   | Reached ****** piety under Okawaru
 18543 | Lair:3   | Got a slimy copper ring
 18544 | Lair:3   | Identified the cursed ring "Matato Vaha" {Str-4 Int+3 Dex-5 Stlth+} (You found it on level 3 of the Lair of Beasts)
 18963 | Lair:4   | Received a gift from Okawaru
 19241 | Lair:4   | Reached skill level 5 in Bows
 19553 | Lair:5   | Received a gift from Okawaru
 19973 | Lair:5   | Gained mutation: You regenerate health from kills. [demonic ancestry]
 19973 | Lair:5   | Reached XP level 14. HP: 95/113 MP: 19/19
 20659 | Lair:6   | Entered Level 6 of the Lair of Beasts
 20890 | Lair:6   | Received a gift from Okawaru
 21271 | Lair:6   | Found a runed gate.
 21271 | Lair:6   | Found a runed gate.
 21271 | Lair:6   | Found a runed gate.
 21316 | Lair:6   | Noticed Verendum's ghost (journeyman HaHu)
 21358 | Lair:6   | HP: 2/118 [Verendum's ghost (4)]
 21370 | Lair:6   | Killed Verendum's ghost
 21919 | Lair:6   | Reached skill level 14 in Long Blades
 21922 | Lair:6   | Received a gift from Okawaru
 22249 | Lair:6   | Found a staircase to the Slime Pits.
 22439 | D:12     | Reached skill level 1 in Shields
 22849 | D:12     | Noticed Sonja
 23144 | D:12     | Got a crude tin ring
 23557 | Orc:1    | Entered Level 1 of the Orcish Mines
 23707 | Orc:1    | Identified the ring "Kaemn" {rF+ Dex+5} (You found it on level 12 of the Dungeon)
 23900 | Orc:2    | Entered Level 2 of the Orcish Mines
 24057 | Orc:1    | Reached XP level 15. HP: 98/124 MP: 16/20
 24158 | Orc:2    | Received a gift from Okawaru
 24281 | Orc:2    | Noticed Josephine
 24285 | Orc:2    | Killed Josephine
 24478 | Orc:2    | Found Sura's Weapon Emporium.
 24478 | Orc:2    | Found Qanit's Distillery.
 24484 | Orc:2    | Found Nuyrus's Weapon Shop.
 24484 | Orc:2    | Found Orin's Weapon Shoppe.
 24506 | Orc:2    | Bought a potion of heal wounds for 75 gold pieces
 24506 | Orc:2    | Bought a potion of heal wounds for 75 gold pieces
 24587 | Orc:2    | Found a staircase to the Elven Halls.
 24876 | Orc:2    | Found Fabu's Magic Scroll Shop.
 24914 | Orc:2    | Bought a scroll of brand weapon for 300 gold pieces
 24922 | Orc:2    | Found a deep blue altar of Sif Muna.
 24984 | Orc:2    | Reached skill level 15 in Fighting
 25971 | D:13     | Found a gate to the Vaults.
 26283 | D:14     | Reached skill level 15 in Long Blades
 26352 | D:14     | Killed Sonja
 26403 | D:14     | Found Sucoimao's Antique Weapon Shop.
 26433 | D:14     | Received a gift from Okawaru
 26448 | D:14     | Got an encrusted buckler {god gift}
 26455 | D:14     | Identified the +2 buckler of Royalty {rC+ Str-4 SInv} (Okawaru gifted it to you on level 14 of the Dungeon)
 26545 | D:14     | Bought a runed triple sword for 468 gold pieces
 26693 | D:14     | Noticed Nessos
 26698 | D:14     | Killed Nessos
 27214 | D:14     | Found a basalt altar of Yredelemnul.
 27347 | D:15     | Entered Level 15 of the Dungeon
 27561 | D:15     | Reached XP level 16. HP: 133/136 MP: 19/21
 27740 | D:15     | Noticed Azrael
 27757 | D:15     | Killed Azrael
 28390 | D:15     | Found a staircase to the Depths.
 28724 | Swamp:1  | Entered Level 1 of the Swamp
 29008 | Swamp:1  | Reached skill level 10 in Dodging
 29300 | Swamp:1  | Received a gift from Okawaru
 29326 | Swamp:1  | Got a distressingly furry chain mail {god gift}
 29327 | Swamp:1  | Identified the +7 chain mail of Fortitude {rC+ MP+9} (Okawaru gifted it to you on level 1 of the Swamp)
 29713 | Swamp:1  | Noticed Louise
 29738 | Swamp:1  | Killed Louise
 30963 | Swamp:2  | Reached skill level 16 in Long Blades
 31046 | Swamp:4  | Entered Level 4 of the Swamp
 31618 | Swamp:3  | Received a gift from Okawaru
 31691 | Swamp:3  | Received a gift from Okawaru
 32484 | Swamp:4  | Received a gift from Okawaru
 32508 | Swamp:4  | Reached XP level 17. HP: 72/142 MP: 9/22
 33216 | Swamp:4  | Got a decaying rune of Zot
 33384 | Spider:1 | Entered Level 1 of the Spider Nest
 33530 | Spider:1 | Noticed Jorgrun
 33605 | Spider:1 | Received a gift from Okawaru
 33799 | Spider:1 | Received a gift from Okawaru
 34195 | Spider:1 | Received a gift from Okawaru
 34201 | Spider:1 | Got a steaming plate armour {god gift}
 34213 | Spider:1 | Identified the +5 plate armour "Ohed" {rPois Str+3 Slay+5} (Okawaru gifted it to you on level 1 of the Spider Nest)
 34233 | Spider:2 | Killed Jorgrun
 34374 | Spider:2 | Got a crude scimitar
 34375 | Spider:2 | Identified the +1 scimitar of Poozups {antimagic, rElec rF++ Dex-2 Stlth+} (You found it on level 2 of the Spider Nest)
 34834 | Spider:2 | Got a slimy ring mail
 34835 | Spider:2 | Identified the +1 ring mail of the Dice {Str+3 Dex+4} (You found it on level 2 of the Spider Nest)
 35801 | Spider:3 | Gained mutation: You regenerate a lot of health from kills. [demonic ancestry]
 35801 | Spider:3 | Reached XP level 18. HP: 140/149 MP: 20/23
 36164 | Spider:4 | Entered Level 4 of the Spider Nest
 36374 | Spider:4 | Received a gift from Okawaru
 36386 | Spider:4 | Noticed Agnes
 36413 | Spider:4 | Killed Agnes
 36502 | Spider:4 | Received a gift from Okawaru
 36665 | Spider:4 | Paralysed by a hornet for 3 turns
 36686 | Spider:4 | Received a gift from Okawaru
 36915 | Spider:4 | Received a gift from Okawaru
 36975 | Spider:4 | Got a gossamer rune of Zot
 37265 | Vaults:1 | Entered Level 1 of the Vaults
 39102 | Vaults:2 | Received a gift from Okawaru
 39121 | Vaults:2 | Found Fusiuly's Antique Weapon Shoppe.
 39281 | Vaults:2 | Received a gift from Okawaru
 39285 | Vaults:2 | Reached skill level 10 in Bows
 39285 | Vaults:2 | Reached XP level 19. HP: 151/161 MP: 21/24
 39540 | Vaults:2 | Found a staircase to the Crypt.
 39540 | Vaults:2 | Found a basalt altar of Yredelemnul.
 39540 | Vaults:2 | Found an ancient bone altar of Kikubaaqudgha.
 39704 | Vaults:2 | Reached skill level 17 in Long Blades
 40319 | Vaults:3 | Received a gift from Okawaru
 40888 | Vaults:3 | Found a runed door.
 40889 | Vaults:3 | Noticed Aptytisy's ghost (veteran GrWz)
 40962 | Vaults:3 | Received a gift from Okawaru
 41461 | Vaults:3 | Reached skill level 18 in Long Blades
 41477 | Vaults:3 | Got a slimy longbow {god gift}
 41479 | Vaults:3 | Identified the +3 longbow of Okawaru's Esteem {velocity, rPois Int+2} (Okawaru gifted it to you on level 3 of the Vaults)
 41588 | Vaults:3 | Found Lych's Jewellery Shop.
 41672 | Vaults:3 | Bought a +4 amulet of reflection for 324 gold pieces
 41690 | Vaults:3 | Bought an uncursed amulet of rage for 480 gold pieces
 42201 | Vaults:4 | Reached skill level 1 in Evocations
 42216 | Vaults:4 | Found Xexiket's Armour Shop.
 42312 | Vaults:4 | HP: 7/161 [Executioner[an ironheart preserver] (3)]
 42312 | Vaults:4 | HP: 3/161 [Executioner[an ironheart preserver] (4)]
 42313 | Vaults:4 | Succumbed to a reaper's poison

Skill      XL: |  1  2  3  4  5  6  7  8  9 10 11 12 13 14 15 16 17 18 19 |
---------------+----------------------------------------------------------+-----
Fighting       | 3 4 5 7 8 10 11 13 15 17 | 17.6
Long Blades    | 3 4 5 6 9 10 11 13 14 15 16 18 | 18.2
Armour         | 5 6 8 11 14 | 14.9
Invocations    | 7 |  7.0
Dodging        | 7 9 11 | 11.2
Bows           | 5 6 7 9 10 | 10.1
Shields        | 3 4 |  4.4
Evocations     | 1 |  1.4
Throwing       | |  1.7

Action                   |  1- 3 |  4- 6 |  7- 9 | 10-12 | 13-15 | 16-18 | 19-21 || total
-------------------------+-------+-------+-------+-------+-------+-------+-------++-------
Melee: Long sword        |    72 |   124 |   303 |    23 |       |       |       ||   522
       Kick              |    14 |    47 |   124 |   239 |   489 |   640 |   123 ||  1676
       Unarmed           |       |     2 |       |       |     1 |       |       ||     3
       Falchion          |       |       |       |   220 |       |       |       ||   220
       Great sword       |       |       |       |   210 |   683 |  1026 |   213 ||  2132
       Punch             |       |       |       |     5 |     1 |     1 |       ||     7
       Scimitar          |       |       |       |    83 |       |     5 |       ||    88
       Whip              |       |       |       |    18 |    30 |    30 |       ||    78
       Triple sword      |       |       |       |       |    60 |       |       ||    60
       Demon blade       |       |       |       |       |   171 |    41 |       ||   212
       Longbow           |       |       |       |       |       |     4 |       ||     4
 Fire: Shortbow          |       |       |    17 |   114 |   327 |       |       ||   458
       Longbow           |       |       |       |       |    43 |   552 |   132 ||   727
Throw: Stone             |    28 |     4 |       |       |       |       |       ||    32
       Throwing net      |     1 |       |     3 |       |       |       |       ||     4
       Javelin           |       |       |       |     1 |       |       |       ||     1
Invok: Heroism           |       |       |     1 |    12 |     9 |    19 |     3 ||    44
       Finesse           |       |       |       |     1 |     2 |     1 |       ||     4
Evoke: Wand              |       |       |       |       |       |     1 |       ||     1
  Use: Potion            |     3 |     2 |     5 |    10 |     8 |    12 |     8 ||    48
       Scroll            |     3 |     2 |     8 |    18 |    21 |    16 |     6 ||    74
 Stab: Sleeping          |     2 |       |       |       |       |       |       ||     2
       Petrified         |       |       |       |     1 |     2 |       |       ||     3
       Petrifying        |       |       |       |     1 |     4 |       |       ||     5
       Confused          |       |       |       |     1 |     2 |       |       ||     3
       Paralysed         |       |       |       |       |     3 |       |       ||     3
  Eat: Ration            |     1 |     1 |     4 |     7 |    13 |    10 |     4 ||    40
       Chunk             |       |     2 |     1 |     4 |     1 |     3 |       ||    11
Armor: Leather armour    |    22 |    36 |    16 |       |       |       |       ||    74
       Skin              |       |     2 |       |     8 |     1 |       |       ||    11
       Chain mail        |       |       |   185 |   370 |   761 |   878 |   157 ||  2351
       Plate armour      |       |       |       |       |       |   358 |       ||   358
Dodge: Dodged            |    58 |    82 |   165 |   399 |   922 |  1475 |   221 ||  3322
Block: Buckler           |       |       |       |       |    81 |    13 |       ||    94
       Rpst.: Long sword |    16 |    34 |    51 |     2 |       |       |       ||   103
       Falchion          |       |       |       |    25 |       |       |       ||    25
       Great sword       |       |       |       |    58 |   175 |   238 |    41 ||   512
       Scimitar          |       |       |       |    13 |       |       |       ||    13
       Triple sword      |       |       |       |       |    19 |       |       ||    19
       Demon blade       |       |       |       |       |    23 |     2 |       ||    25
